 Dungeon Crawl Stone Soup version 0.26-a0-966-gd078a86f14 (webtiles) character file.

Game seed: 6100357282301568517

3241 streetpizza the Destroyer (level 9, -3/74 (75) HPs)
             Began as a Yellow Draconian Conjurer on Dec 3, 2020.
             Was a Follower of Vehumet.
             Slain by a four-headed hydra (9 damage)
             ... on level 7 of the Dungeon.
             The game lasted 00:32:18 (8721 turns).

streetpizza the Destroyer (DrCj)                    Turns: 8721, Time: 00:32:19

HP:   -3/74 (75)    AC: 10    Str:  9    XL:     9   Next: 67%
MP:   24/27         EV: 14    Int: 21    God:    Vehumet [*.....]
Gold: 148           SH:  0    Dex: 11    Spells: 17/20 levels left

rFire    . . .     SeeInvis .   n - +4 quarterstaff (chaos)
rCold    . . .     Faith    .   (shield currently unavailable)
rNeg     . . .     Spirit   .   (armour unavailable)
rPois    .         Reflect  .   (helmet restricted)
rElec    .         Harm     .   e - +0 cloak
rCorr    +         Rampage  +   (no gloves)
MR       .....                  h - +1 pair of boots {rampage}
Stlth    ++........             (no amulet)
HPRegen  0.22/turn              f - ring of magical power
MPRegen  0.20/turn              (no ring)

@: about to teleport, short of breath
A: spit acid, unfitting armour, cold-blooded, acid resistance, AC +7
a: Breathe Acid, Renounce Religion


You were on level 7 of the Dungeon.
You worshipped Vehumet.
Vehumet was aware of your devotion.
You visited 2 branches of the dungeon, and saw 8 of its levels.

You collected 309 gold pieces.
You spent 161 gold pieces at shops.

Inventory:

Hand Weapons
 d - a +0 war axe of venom
 n - a +4 quarterstaff of chaos (weapon)
 B - a +1 trident of protection
Missiles
 j - 17 poisoned darts (quivered)
Armour
 e - a +0 cloak (worn)
 h - a +1 pair of boots of rampaging (worn)
Jewellery
 f - a ring of magical power (left hand)
Wands
 k - a wand of disintegration (15)
 m - a wand of flame (27)
 u - a wand of digging (5)
 x - a wand of iceblast (7)
Scrolls
 b - 10 scrolls of identify
 g - 2 scrolls of teleportation
 l - a scroll of fear {unknown}
 o - a scroll of remove curse
 p - 3 scrolls of magic mapping
 r - a scroll of torment {unknown}
 s - a scroll of enchant armour {unknown}
 v - a scroll of blinking {unknown}
 y - a scroll of fog {unknown}
 z - a scroll of amnesia {unknown}
 A - a scroll of holy word {unknown}
 C - a scroll of summoning {unknown}
Potions
 a - 2 potions of degeneration {unknown}
 c - 2 potions of curing {unknown}
 i - 2 potions of brilliance {unknown}
 q - a potion of berserk rage {unknown}
 t - a potion of invisibility
 w - a potion of flight {unknown}
 D - a potion of lignification {unknown}


   Skills:
 + Level 6.0 Fighting
 + Level 5.9 Dodging
 - Level 1.7 Stealth
 + Level 6.0 Spellcasting
 * Level 9.8 Conjurations


You had 17 spell levels left.
You knew the following spells:

 Your Spells              Type           Power        Failure   Level
a - Magic Dart            Conj           ####         1%          1
b - Searing Ray           Conj           #####.       1%          2

Your spell library contained the following spells:

 Spells                   Type           Power        Failure   Level
 Foxfire                  Conj/Fire      ####         1%          1
 Dazzling Flash           Conj/Hex       ####..       4%          3
 Beastly Appendage        Tmut           #.....       10%         1
 Fulminant Prism          Conj/Hex       ####......   13%         4
 Iskenderun's Mystic Bla  Conj/Tloc      ####....     13%         4
 Wereblood                Tmut           #.......     14%         2
 Confusing Touch          Hex            #.......     28%         3
 Gell's Gravitas          Tloc           #.........   28%         3
 Spider Form              Tmut/Pois      #.........   28%         3
 Ice Form                 Ice/Tmut       #.......     67%         4
 Petrify                  Tmut/Erth      #.......     67%         4
 Blade Hands              Tmut           #.........   95%         5
 Metabolic Englaciation   Hex/Ice        #.........   95%         5
 Yara's Violent Unravell  Hex/Tmut       #.........   95%         5


Dungeon Overview and Level Annotations

Branches:
Dungeon (7/15)             Temple (1/1) D:4

Altars:
Ashenzari
Cheibriados
Dithmenos
Elyvilon
Fedhas
Gozag
Hepliaklqana
Makhleb
Nemelex Xobeh
Qazlal
Ru
Sif Muna
Trog
Vehumet
Wu Jian
Xom
Yredelemnul
Zin
The Shining One

Shops:
D:4 ?


Innate Abilities, Weirdness & Mutations

You can spit globs of acid.
Your golden yellow scales are hard. (AC +7)
You cannot fit into any form of body armour.
You are cold-blooded and may be slowed by cold attacks.
You are resistant to acid. (rCorr)


Message History

The four-headed hydra bites you. The four-headed hydra bites you!
The four-headed hydra bites you.
The four-headed hydra closely misses you.
The searing ray hits the four-headed hydra.
The four-headed hydra is moderately wounded.
The four-headed hydra closely misses you.
The four-headed hydra completely misses you.
The four-headed hydra bites you! x2
The searing ray hits the four-headed hydra!
The four-headed hydra is heavily wounded.
The four-headed hydra bites you! The four-headed hydra bites you.
* * * LOW HITPOINT WARNING * * *
The four-headed hydra bites you!
* * * LOW HITPOINT WARNING * * *
The four-headed hydra bites you!
* * * LOW HITPOINT WARNING * * *
Unknown command.
As you read the scroll of teleportation, it crumbles to dust.
You feel strangely unstable. The four-headed hydra bites you!
You die...

#############
............#
#.#########.#
#####
#.#######.#.#
#######...#
#.........#.#
#.....#...#
#########.#.#
######.....#...###
#########.#.#
#.@..'.....'...+.#
..........#.#
#D####.....#[..#.#
#########.#.# #.#
#.....#...#.#
#########.#.###.#
#######.....#
..............#.#
#.....#
###.........#.#.#
#.....#
..'.........#.#.#
####.....##
###........##.#.#
#.......... #
#........##.#.#
#.#......##


You could see a four-headed hydra (corroded).

Vanquished Creatures
  Prince Ribbit (D:7)
  Eustachio (D:5)
  A water moccasin (D:7)
  Duvessa (D:4)
  A phantom (D:7)
  A sky beast (D:7)
  An ice beast (D:5)
  2 ogres
  2 orc warriors
  3 necrophages
  A centaur (D:6)
  2 bullfrogs
  A scorpion (D:4)
  Dowan (D:4)
  4 killer bees (D:7)
  A howler monkey (D:6)
  3 bullfrog zombies
  3 jellies
  An orc priest (D:7)
  5 hounds
  7 orc wizards
  Crazy Yiuf (D:4)
  4 bullfrog skeletons
  Ijyb (D:4)
  2 iguanas
  Natasha (thrice) (D:4)
  4 worker ants
  A hound skeleton (D:6)
  A worker ant zombie (D:5)
  Robin (D:4)
  5 gnolls (D:5)
  10 adders
  3 shadow imps
  2 white imps
  4 worms
  4 dart slugs
  3 leopard geckos
  19 orcs
  A ball python (D:4)
  5 bats
  7 giant cockroaches
  20 goblins
  10 hobgoblins
  7 jackals
  4 quokkas
  8 frilled lizards
  6 kobolds
  2 quokka skeletons
  8 rats
189 creatures vanquished.

Vanquished Creatures (others)
  5 plants (D:4)
5 creatures vanquished.

Grand Total: 194 creatures vanquished

Notes
Turn   | Place    | Note
-------+----------+-------------------------------------------
     0 | D:1      | streetpizza the Draconian Conjurer began the quest for the
                  | Orb.
     0 | D:1      | Reached XP level 1. HP: 14/14 MP: 3/3
   204 | D:1      | Reached XP level 2. HP: 18/20 MP: 5/5
   241 | D:1      | Learned a level 2 spell: Searing Ray
   789 | D:1      | Reached XP level 3. HP: 19/26 MP: 3/6
  1474 | D:2      | Found a burning altar of Makhleb.
  1943 | D:2      | Reached XP level 4. HP: 33/33 MP: 1/7
  2065 | D:2      | Found a white marble altar of Elyvilon.
  2139 | D:2      | Reached skill level 5 in Conjurations
  2540 | D:3      | Reached XP level 5. HP: 23/38 MP: 0/9
  3879 | D:4      | Reached skill level 1 in Fighting
  4134 | D:4      | Reached XP level 6. HP: 42/47 MP: 6/10
  4242 | D:4      | Found a staircase to the Ecumenical Temple.
  4251 | Temple   | Entered the Ecumenical Temple
  4505 | D:4      | Reached skill level 6 in Conjurations
  4614 | D:4      | Noticed Robin
  4619 | D:4      | Killed Robin
  4757 | D:4      | Noticed Ijyb
  4762 | D:4      | Killed Ijyb
  4883 | D:4      | Noticed Duvessa
  4949 | D:4      | Noticed Natasha
  4951 | D:4      | Killed Natasha
  4981 | D:4      | Noticed Dowan
  4999 | D:4      | Killed Dowan
  5000 | D:4      | Your scales start taking on a golden yellow colour.
  5000 | D:4      | Reached XP level 7. HP: 49/56 MP: 6/12
  5000 | D:4      | Gained mutation: You are resistant to acid. (rCorr) [Yellow
                  | Draconian growth]
  5001 | D:4      | Killed Duvessa
  5161 | D:4      | Found a runed translucent door.
  5162 | D:4      | Noticed Crazy Yiuf
  5168 | D:4      | Killed Crazy Yiuf
  5257 | D:4      | Noticed Natasha
  5265 | D:4      | Killed Natasha
  5306 | D:4      | Found Femn's Magic Scroll Shop.
  5314 | D:4      | Bought a scroll of remove curse for 42 gold pieces
  5314 | D:4      | Bought a scroll of magic mapping for 49 gold pieces
  5314 | D:4      | Bought a scroll of identify for 28 gold pieces
  5314 | D:4      | Bought a scroll of teleportation for 42 gold pieces
  5398 | D:4      | Noticed Natasha
  5407 | D:4      | Killed Natasha
  5434 | D:5      | Entered Level 5 of the Dungeon
  5445 | D:5      | Reached skill level 7 in Conjurations
  5700 | D:5      | Found a shimmering altar of Xom.
  5896 | D:5      | Found a bloodstained altar of Trog.
  5957 | D:5      | Found a radiant altar of Vehumet.
  5965 | D:5      | Became a worshipper of Vehumet
  6022 | D:5      | Reached XP level 8. HP: 57/63 MP: 14/14
  6144 | D:5      | Found a broken altar of Ashenzari.
  6216 | D:5      | Found a stormy altar of Qazlal.
  6219 | D:5      | Noticed Eustachio
  6226 | D:5      | Killed Eustachio
  6497 | D:5      | Reached skill level 8 in Conjurations
  6930 | D:6      | Reached skill level 5 in Spellcasting
  6972 | D:6      | Reached * piety under Vehumet
  6972 | D:6      | Offered knowledge of Foxfire by Vehumet.
  6973 | D:6      | Reached skill level 5 in Dodging
  7383 | D:6      | Reached XP level 9. HP: 71/73 MP: 16/16
  7534 | D:7      | Reached skill level 5 in Fighting
  7812 | D:7      | Noticed Prince Ribbit
  7820 | D:7      | Killed Prince Ribbit
  7821 | D:7      | Reached skill level 9 in Conjurations
  8710 | D:7      | Noticed a four-headed hydra
  8721 | D:7      | Slain by a four-headed hydra

Illustrated notes

Levels and vault maps discovered:
D:1:      lightli_arrival_flooded_house, layout_basic, serial_glass,
          glass_columns_a, glass_columns_c, minivault_25
D:2:      layout_loops_ring, elyvilon_altar_3, marbit_many_paths
D:3:      layout_basic
D:4:      layout_loops_ring, minmay_temple_entry_overgrown, serial_shops, shop,
          uniq_ijyb, uniq_robin, uniq_natasha, uniq_duvessa,
          uniq_crazy_yiuf_cottage
D:5:      layout_loops_ring, lemuel_coloured_pillars_altar,
          overflow_temple_1_default, grunt_qazlal_clouds,
          ashenzari_conservatory_becter, basic_altar, minivault_27,
          minivault_19, cheibrodos_gnoll_hut, uniq_eustachio
D:6:      layout_cave_pools
D:7:      layout_basic, uniq_prince_ribbit1
Temple:   oiseaux_autumnal_temple

Skill      XL: |  1  2  3  4  5  6  7  8  9 |
---------------+----------------------------+-----
Dodging        | 2 3 4 5 |  5.9
Conjurations   | 5 6 7 8 9 |  9.8
Spellcasting   | 3 4 5 6 |  6.0
Fighting       | 1 2 3 4 6 |  6.0
Stealth        | |  1.7

Action                   |  1- 3 |  4- 6 |  7- 9 || total
-------------------------+-------+-------+-------++-------
Melee: Unarmed           |   104 |    65 |       ||   169
       Tailslap          |     8 |    12 |    15 ||    35
       War axe           |       |    69 |     6 ||    75
       Quarterstaff      |       |       |   225 ||   225
Throw: Dart              |       |       |     3 ||     3
 Cast: Magic Dart        |    15 |     1 |       ||    16
       Searing Ray       |    15 |    21 |    15 ||    51
 Abil: Breathe Acid      |       |       |     7 ||     7
  Use: Scroll            |       |       |     2 ||     2
 Stab: Sleeping          |     2 |     3 |     1 ||     6
Armor: Skin              |    34 |    54 |    95 ||   183
Dodge: Dodged            |    72 |   114 |   178 ||   364

Table legend: (Time is in decaauts)
 A = Elapsed time spent in this place.
 B = Non-inter-level travel time spent in this place.
 C = Inter-level travel time spent in this place.
 D = Time resting spent in this place.
 E = Time spent auto-exploring this place.
 F = Levels seen in this place.
 G = Mean time per level.
                   A        B        C        D        E       F      G
               +--------+--------+--------+--------+--------+-----+--------+
         Total |   8832 |   8692 |    140 |    120 |   6917 |   8 | 1104.0 |
       Dungeon |   8602 |   8471 |    131 |    120 |   6698 |   7 | 1228.9 |
        Temple |    230 |    221 |      9 |      0 |    219 |   1 |  230.0 |
               +--------+--------+--------+--------+--------+-----+--------+

Top non-repeatable levels by time:
     D:4: 1549 daAuts
     D:3: 1321 daAuts
     D:5: 1305 daAuts
     D:7: 1287 daAuts
     D:1: 1233 daAuts
     D:2: 1152 daAuts
     D:6: 753 daAuts
  Temple: 230 daAuts
